 Dungeon Crawl Stone Soup version 0.26-a0-18-g135ff06667 (webtiles) character file.

Game seed: 6021474404585972332, levelgen mode: deterministic

260 Mrkan the Chopper (level 5, -10/47 HPs)
             Began as a Minotaur Fighter on May 25, 2020.
             Was an Initiate of Fedhas.
             Killed by nerve-wracking pain
             ... invoked by Grinder
              (12 damage)
             ... on level 3 of the Dungeon.
             The game lasted 00:04:00 (2747 turns).

Mrkan the Chopper (Minotaur Fighter)                Turns: 2747, Time: 00:04:01

Health: -10/47     AC: 11    Str: 21    XL:     5   Next: 95%
Magic:  4/4        EV:  4    Int:  5    God:    Fedhas [......]
Gold:   158        SH: 14    Dex: 10    Spells: 4/4 levels left

rFire    . . .     SeeInvis .   a - +0 war axe
rCold    . . .     Gourm    .   m - +0 tower shield
rNeg     . . .     Faith    .   j - +0 chain mail
rPois    .         Spirit   .   (helmet restricted)
rElec    .         Reflect  .   (no cloak)
rCorr    .         Harm     .   (no gloves)
MR       .....                  c - +0 pair of boots (curse)
Stlth    ..........             (no amulet)
HPRegen  0.15/turn              (no ring)
MPRegen  0.09/turn              (no ring)

@: mighty
A: retaliatory headbutt, horns 2
a: Renounce Religion


You were on level 3 of the Dungeon.
You worshipped Fedhas.
Fedhas was noncommittal.
You were not hungry.

You visited 1 branch of the dungeon, and saw 3 of its levels.

You collected 158 gold pieces.

Inventory:

Hand Weapons
 a - a +0 war axe (weapon)
Missiles
 h - 2 curare-tipped darts (quivered)
Armour
 c - a cursed +0 pair of boots (worn)
 j - a +0 chain mail (worn)
 m - a +0 tower shield (worn)
 u - a +0 pair of gloves
Jewellery
 q - an uncursed ring of protection from magic {unknown}
Scrolls
 b - 2 scrolls of remove curse {unknown}
 e - 2 scrolls of enchant armour {unknown}
 g - 4 scrolls of identify {unknown}
 l - a scroll of noise {unknown}
 o - 3 scrolls of teleportation {unknown}
 r - a scroll of fear {unknown}
Potions
 d - a potion of might
 i - a potion of experience {unknown}
 k - a potion of brilliance {unknown}
 p - 2 potions of heal wounds {unknown}
 s - 2 potions of curing {unknown}
 t - a potion of lignification {unknown}
Comestibles
 f - 9 rations
 n - 7 chunks of flesh


   Skills:
 + Level 4.6 Fighting
 * Level 5.0 Axes
 + Level 4.9 Armour
 - Level 0.9 Dodging
 + Level 4.7 Shields


You had 4 spell levels left.
You didn't know any spells.
Your spell library was empty.

Dungeon Overview and Level Annotations

Branches:
Dungeon (3/15)

Altars:
Fedhas

Annotations:
D:3 Grinder


Innate Abilities, Weirdness & Mutations

You reflexively headbutt those who attack you in melee.
You have a pair of horns on your head.


Message History

Grinder is too close now for your liking.
Grinder gestures at you. You resist with significant effort.
Grinder blinks!
Okay, then.
You start resting.
Grinder is too close now for your liking.
You feel very mighty all of a sudden.
You hit Grinder.
Grinder is heavily wounded.
Grinder hits you.
* * * LOW HITPOINT WARNING * * *
You writhe in agony.
* * * LOW HITPOINT WARNING * * *
You slash Grinder! Your headbutt misses Grinder.
Grinder is severely wounded.
Grinder gestures at you. Pain shoots through your body!
You die...
Fedhas appreciates your contribution to the ecosystem.

### #.# ###.# ....# ###.#
###.####################
#...........##.5@.......
.....######.##.#######.#
....................# #
..###.#####.##.####.##.###
#.# #.#####...............
... #......†............#
#.# #.##....#..........##
.. #.##....#..####.#.## ..
#.##......... .....


You could see Grinder.

Vanquished Creatures
  2 jellies (D:2)
  An orc priest (D:3)
  An orc wizard (D:3)
  2 adders
  7 oozes (D:2)
  A dart slug (D:3)
  2 worms (D:2)
  2 leopard geckos
  6 orcs (D:3)
  2 ball pythons (D:2)
  13 bats
  5 giant cockroaches
  5 goblins
  7 hobgoblins
  4 jackals
  15 kobolds
  2 frilled lizards
  9 rats
  3 fungi (D:2)
89 creatures vanquished.

Vanquished Creatures (others)
  A fungus (D:2)
  A plant (D:3)
  6 toadstools (D:2)
8 creatures vanquished.

Grand Total: 97 creatures vanquished

Notes
Turn   | Place    | Note
-------+----------+-------------------------------------------
     0 | D:1      | Mrkan the Minotaur Fighter began the quest for the Orb.
     0 | D:1      | Reached XP level 1. HP: 19/19 MP: 0/0
   162 | D:1      | Reached XP level 2. HP: 25/27 MP: 1/1
   319 | D:1      | Reached skill level 3 in Axes
  1115 | D:2      | Reached XP level 3. HP: 33/33 MP: 2/2
  1657 | D:2      | Reached skill level 4 in Axes
  1657 | D:2      | Reached XP level 4. HP: 26/40 MP: 3/3
  1667 | D:2      | Reached XP level 5. HP: 12/46 MP: 4/4
  2535 | D:3      | Found a blossoming altar of Fedhas.
  2566 | D:3      | Became a worshipper of Fedhas Madash
  2634 | D:3      | Reached skill level 5 in Axes
  2702 | D:3      | Noticed Grinder
  2724 | D:3      | Paralysed by Grinder for 2 turns
  2746 | D:3      | HP: 2/47 [Grinder (2)]
  2747 | D:3      | Killed from afar by Grinder

Illustrated notes

Levels and vault maps discovered:
D:1:      dpeg_arrival_morbid_curiosity, layout_basic,
          chequers_hall_statues_wall_a
D:2:      cheibrodos_fertilizer, layout_basic
D:3:      layout_basic, fedhas_ov_isle_minmay, uniq_grinder, uniq_terence

Skill      XL: |  1  2  3  4  5 |
---------------+----------------+-----
Axes           | 3 4 5 |  5.0
Armour         | 4 |  4.9
Shields        | 4 |  4.7
Fighting       | 4 |  4.6
Dodging        | |  0.9

Action                   |  1- 3 |  4- 6 || total
-------------------------+-------+-------++-------
Melee: War axe           |   104 |   110 ||   214
       Headbutt          |    10 |    21 ||    31
  Use: Potion            |       |     1 ||     1
  Eat: Chunk             |     2 |     4 ||     6
Armor: Scale mail        |    19 |       ||    19
       Chain mail        |    84 |    45 ||   129
Dodge: Dodged            |    34 |    12 ||    46
Block: Kite shield       |    42 |       ||    42
       Tower shield      |    75 |    84 ||   159

Table legend:
 A = Non-vault XP
 B = Vault XP
 C = Vault XP percentage of total XP
 D = Non-vault monster count
 E = Vault monster count
 F = Vault count percentage of total count
                 A         B        C        D         E       F
            +---------+---------+-------+---------+---------+-------
      Total |     214 |     158 |  42.5 |      66 |      20 |  23.3
            +---------+---------+-------+---------+---------+-------
        D:1 |      32 |       6 |  15.8 |      21 |       3 |  12.5
        D:2 |      46 |     152 |  76.8 |      20 |      17 |  45.9
        D:3 |     136 |       0 |   0.0 |      25 |       0 |   0.0
            +---------+---------+-------+---------+---------+-------
